Map: Selva profunda EE

Players

TATORREA

  • Race: Protoss Protoss
  • League: Silver
  • Spawn Location: 1:00

tigro

  • Race: Terran Terran
  • League: Bronze
  • Spawn Location: 3:00

MrFercho

  • Race: Zerg Zerg
  • League: Silver
  • Spawn Location: 1:00

STARDRICHARS - Winner!

  • Race: Protoss Protoss
  • Spawn Location: 7:00

Tankque - Winner!

  • Race: Protoss Protoss
  • Spawn Location: 7:00

Donvito - Winner!

  • Race: Terran Terran
  • Spawn Location: 7:00

VOD

Have the link to the VOD?

Description

Time

  • Played on: June 3, 2020, 10:16 p.m.
  • Length: 18:16
Show
View Real Time Build Order
Export as new Build Order

TATORREA Protoss 

Build Orders:  

Get SALT Encoding   

  12  0:02  Probe  
  13  0:24  Pylon  
  13  0:26  Probe  
  14  0:38  Probe  
  15  0:49  Gateway  
  15  0:50  Gateway  
  15  0:56  Probe  
  16  1:42  Pylon  
  16  1:46  Zealot x2 (Chrono Boost)  
  19  2:16  Gateway  
  19  2:17  Probe  
  19  2:19  Gateway  
  19  2:20  Forge  
  19  2:22  Zealot x2  
  24  2:29  Probe  
  25  2:36  Cybernetics Core  
  25  2:44  Probe  
  26  2:53  Assimilator  
  26  2:56  Probe  
  27  3:08  Probe  
  28  3:26  Zealot  
  30  3:33  Warp Gate  
  30  3:37  Pylon  
  30  3:41  Pylon  
  30  3:47  Assimilator  
  30  3:55  Zealot x3  
  28  4:47  Stalker x2 (Chrono Boost)  
  28  4:48  Stalker (Chrono Boost)  
  26  5:26  Stalker  
  26  5:27  Stalker  
  26  5:29  Probe  
  27  5:41  Probe  
  22  5:50  Stalker x2  
  22  6:15  Stalker x2  
  26  6:21  Gateway  
  26  6:24  Gateway, Protoss Ground Weapons Level 1 (Chrono Boost)  
  26  6:27  Gateway  
  26  6:31  Gateway  
  26  6:32  Gateway  
  22  7:28  Stalker x3  
  22  7:29  Stalker x2  
  32  7:30  Stalker  
  30  8:04  Zealot x2  
  30  8:05  Zealot x2  
  28  8:06  Zealot x2  
  28  8:08  Zealot  
  36  8:25  Protoss Ground Armor Level 1  
  36  8:28  Stalker  
  38  8:50  Pylon  
  38  8:54  Pylon  
  38  8:58  Pylon  
  38  9:01  Pylon  
  38  9:05  Pylon  
  38  9:10  Stalker x3  
  38  9:11  Stalker  
  38  9:12  Stalker  
  48  9:46  Stalker  
  48  9:47  Stalker  
  48  9:48  Stalker  
  22  10:28  Stalker x2  
  24  10:29  Stalker  
  28  11:22  Stalker  
  28  11:23  Stalker x3  
  26  11:52  Zealot x2  
  26  11:53  Zealot  
  24  12:19  Stalker x2  
  28  12:29  Stalker  
  30  12:39  Stalker  
  32  12:53  Protoss Shields Level 1  
  26  13:11  Stalker  
  28  13:21  Stalker  
  30  13:37  Stalker  
  32  13:53  Stalker  
  34  14:13  Stalker  
Show
View Real Time Build Order
Export as new Build Order

tigro Terran 

Build Orders:  

Get SALT Encoding   

  12  0:03  SCV  
  13  0:15  SCV  
  14  0:23  Supply Depot  
  14  0:27  SCV  
  15  0:35  Refinery  
  15  0:45  SCV  
  16  0:54  Barracks  
  16  1:06  SCV  
  17  1:18  Supply Depot  
  17  1:19  SCV  
  18  1:31  SCV  
  19  1:43  Barracks Tech Lab, SCV  
  20  1:47  Barracks  
  20  1:55  SCV  
  21  2:09  Marauder  
  23  2:16  Refinery  
  23  2:30  Marauder  
  25  2:38  Orbital Command  
  25  2:45  Barracks Tech Lab  
  25  2:52  Marauder  
  25  2:53  Combat Shield  
  27  3:12  Stimpack  
  27  3:13  Marauder  
  27  3:17  Marauder  
  31  3:33  Refinery  
  31  3:35  Engineering Bay  
  31  3:42  Marauder x2  
  35  4:03  Marauder  
  21  4:58  Terran Infantry Weapons Level 1  
  21  5:02  Marauder  
  23  5:08  Marauder  
  25  5:23  Marauder  
  27  5:30  Marauder  
  27  5:35  Command Center  
  27  5:51  Marauder  
  27  5:56  Factory  
  27  6:13  Marauder  
  27  6:18  Marauder  
  27  6:36  Marauder  
  27  6:39  Marauder  
  31  6:52  Terran Infantry Armor Level 1  
  31  6:54  SCV, Refinery  
  31  6:57  Marauder  
  31  7:00  Factory Tech Lab  
  31  7:01  Marauder  
  36  7:06  SCV  
  37  7:11  Concussive Shells  
  37  7:18  SCV  
  37  7:19  Marauder  
  37  7:22  Marauder  
  42  7:30  SCV  
  37  7:43  Marauder  
  31  7:48  SCV  
  32  7:51  Siege Tank  
  32  7:54  Marauder  
  37  8:00  SCV  
  37  8:05  Marauder  
  40  8:12  SCV  
  41  8:15  Marauder  
  41  8:19  Starport  
  43  8:24  SCV, Siege Tank  
  43  8:26  Marauder  
  49  8:36  SCV  
  49  8:40  Marauder  
  52  8:46  Neosteel Armor  
  52  8:47  Marauder  
  54  9:08  Marauder  
  54  9:09  Marauder  
  52  9:10  Siege Tank  
  44  9:29  Marauder  
  44  9:30  Marauder  
  45  9:38  Planetary Fortress  
  45  9:50  Marauder, Medivac  
  45  9:52  Marauder  
  51  10:12  Marauder  
  51  10:13  Marauder  
  51  10:20  Medivac  
  45  10:26  Hi-Sec Auto Tracking  
  42  10:33  Marauder  
  42  10:34  Marauder  
  42  10:47  Siege Tank  
  45  10:54  Marauder  
  45  10:56  Marauder  
  45  10:57  SCV  
  50  11:09  SCV  
  51  11:16  Marauder  
  51  11:17  Marine  
  54  11:19  Siege Tank  
  54  11:21  SCV  
  44  11:33  SCV  
  44  11:34  Marine  
  44  11:37  Marine  
  47  11:45  SCV  
  45  11:51  Siege Tank  
  45  11:52  Marine  
  49  11:54  Marine  
  45  12:11  Marauder  
  45  12:12  Marine  
  45  12:15  Starport Tech Lab  
  43  12:21  Armory  
  43  12:26  Fusion Core  
  43  12:30  Marine  
  43  12:31  Marine  
  45  12:48  Marine  
  45  12:49  Marine  
  41  13:04  Siege Tank  
  44  13:06  Marine  
  44  13:07  Marine  
  44  13:08  Medivac  
  48  13:24  Marine  
  48  13:25  Marine  
  50  13:36  Siege Tank  
  50  13:38  Medivac  
  55  13:42  Marine  
  55  13:43  Marine  
  57  13:56  Terran Infantry Armor Level 2  
  57  13:59  Marine  
  57  14:00  Marine  
  59  14:09  Siege Tank  
  62  14:26  Marine  
  62  14:31  Battlecruiser  
  56  14:41  Siege Tank  
  56  14:43  Marine  
  59  15:01  Marine  
  59  15:03  Weapon Refit  
  57  15:09  Marine  
  57  15:13  Siege Tank  
  58  15:19  Marine  
  57  15:27  Marine  
  58  15:35  Battlecruiser  
  55  15:37  Marine  
  56  15:45  Marine  
  57  15:55  Marine  
  52  16:03  Marine  
  43  16:12  Marine  
  40  16:21  Marine  
  35  16:30  Marine  
  35  16:39  Marine  
  39  16:43  Rapid Reignition System  
  38  16:48  Marine  
  37  16:56  Marine  
Show
View Real Time Build Order
Export as new Build Order

MrFercho Zerg 

Build Orders: Pool First 

Get SALT Encoding   

  12  0:01  Drone  
  13  0:16  Drone  
  14  0:28  Spawning Pool  
  14  0:34  Drone  
  14  1:03  Overlord  
  14  1:18  Hatchery  
  13  1:38  Zergling x6  
  16  1:47  Extractor  
  15  1:48  Extractor  
  14  2:19  Roach Warren  
  14  2:22  Drone x3, Evolution Chamber  
  15  2:24  Queen  
  17  2:30  Queen  
  17  2:32  Drone  
  20  3:21  Drone x3  
  23  3:27  Drone  
  23  3:28  Drone x2  
  26  3:47  Roach  
  28  3:48  Overlord  
  28  3:49  Overlord  
  28  4:13  Roach x6  
  40  4:22  Ravager  
  41  4:37  Drone x3  
  44  4:39  Overlord  
  44  4:59  Roach x4  
  52  5:00  Roach  
  42  5:13  Metabolic Boost  
  29  5:45  Roach x3  
  29  5:46  Roach x5  
  37  6:55  Roach  
  37  6:56  Roach x5  
  41  7:25  Ravager x2  
  41  7:26  Ravager  
  35  8:02  Roach x3  
  35  8:03  Roach x3  
  38  8:43  Lair  
  38  8:47  Roach  
  38  8:48  Roach x5  
  50  8:53  Zerg Missile Weapons Level 1  
  50  9:36  Ravager x2  
  52  9:39  Overlord x2  
  52  9:40  Overlord x3  
  52  10:04  Roach  
  52  10:05  Roach x5  
  47  10:39  Extractor  
  46  10:52  Spire  
  45  11:02  Roach  
  45  11:03  Roach x5  
  55  11:11  Ravager  
  55  11:12  Ravager x3  
  57  11:59  Pneumatized Carapace  
  57  12:25  Drone x3  
  60  12:59  Hatchery  
  55  13:28  Drone x3  
  58  13:43  Mutalisk  
  58  13:44  Mutalisk x4  
  68  13:56  Drone x2  
  68  13:57  Drone x2  
  68  14:01  Extractor  
  69  14:52  Drone x2  
  65  14:53  Drone  
  49  15:29  Hatchery  
  49  15:32  Baneling Nest  
  41  15:37  Queen, Drone x3  
  38  15:59  Zergling x12  
  38  16:00  Zergling x2  
  45  16:15  Centrifical Hooks  
  45  16:20  Baneling  
  45  16:21  Baneling x7  
  45  16:27  Baneling  
  45  16:28  Baneling x5  
  45  16:42  Zergling x2  
  45  16:43  Zergling x8  
  45  16:44  Zergling x2  
  51  16:48  Zergling x2  
  51  16:49  Zergling x6  
  50  17:10  Baneling  
  50  17:11  Baneling x9  
  50  17:14  Roach  
  50  17:15  Roach x5  
  62  17:20  Zergling x6  
  65  17:25  Baneling  
  65  17:26  Baneling x7  
  65  17:29  Zergling x2  
  66  17:30  Zergling x8  
Show
View Real Time Build Order
Export as new Build Order

STARDRICHARS Protoss - Winner!

Build Orders: Cannon Rush 

Get SALT Encoding   

  12  0:01  Probe  
  13  0:15  Probe  
  13  0:20  Pylon  
  14  0:32  Probe (Chrono Boost)  
  16  0:44  Forge, Probe (Chrono Boost)  
  16  0:48  Probe (Chrono Boost)  
  16  0:56  Pylon  
  17  0:58  Probe  
  18  1:14  Probe (Chrono Boost)  
  19  1:22  Photon Cannon  
  19  1:25  Probe (Chrono Boost)  
  20  1:28  Photon Cannon  
  20  1:30  Probe (Chrono Boost)  
  21  1:35  Pylon  
  21  1:43  Photon Cannon  
  21  1:47  Probe  
  21  1:53  Assimilator  
  22  1:59  Probe  
  23  2:03  Photon Cannon  
  23  2:10  Gateway  
  23  2:20  Photon Cannon  
  23  2:55  Pylon  
  22  3:10  Zealot  
  24  3:15  Probe  
  25  3:28  Probe  
  25  3:31  Cybernetics Core  
  26  3:35  Pylon  
  26  3:37  Zealot  
  26  3:40  Probe  
  29  4:04  Zealot  
  29  4:07  Pylon  
  27  4:51  Pylon  
  27  4:59  Pylon  
  27  5:09  Pylon  
  25  5:18  Gateway  
  25  5:22  Gateway  
  25  5:23  Warp Gate  
  25  5:27  Probe  
  26  5:34  Assimilator  
  26  5:39  Probe  
  27  5:46  Pylon  
  27  5:51  Probe  
  28  6:03  Zealot  
  30  6:07  Photon Cannon  
  30  6:09  Photon Cannon  
  30  6:11  Photon Cannon  
  30  6:13  Pylon  
  30  6:17  Gateway  
  30  6:24  Pylon  
  30  6:30  Zealot  
  30  6:32  Photon Cannon  
  32  6:39  Zealot  
  32  6:40  Zealot  
  34  6:47  Photon Cannon  
  34  6:50  Photon Cannon  
  32  7:09  Photon Cannon  
  32  7:11  Photon Cannon  
  32  7:39  Nexus  
  32  7:40  Zealot  
  32  7:44  Zealot x2  
  32  7:45  Zealot  
  36  8:03  Zealot  
  34  8:28  Pylon  
  34  9:00  Zealot x3  
  38  9:05  Zealot  
  31  9:33  Zealot  
  31  9:34  Zealot  
  31  9:37  Zealot  
  37  9:46  Pylon  
  37  10:01  Zealot  
  37  10:02  Zealot x2  
  43  10:12  Probe (Chrono Boost)  
  44  10:20  Stargate  
  43  10:22  Probe (Chrono Boost)  
  43  10:24  Stargate  
  43  10:27  Probe (Chrono Boost)  
  37  10:29  Stargate  
  34  10:38  Probe  
  35  10:45  Zealot  
  35  10:46  Zealot  
  37  10:50  Probe  
  37  10:56  Gateway  
  38  10:59  Gateway  
  36  11:31  Pylon  
  36  11:36  Photon Cannon  
  36  11:42  Pylon  
  36  11:49  Pylon  
  36  12:08  Zealot x4  
  40  12:09  Zealot  
  46  12:20  Gateway  
  46  12:21  Probe (Chrono Boost)  
  45  12:32  Probe (Chrono Boost)  
  45  12:34  Zealot  
  45  12:35  Zealot x3  
  45  12:36  Probe (Chrono Boost), Zealot  
  57  12:48  Probe  
  40  13:00  Probe  
  41  13:09  Photon Cannon  
  40  13:19  Zealot x3  
  46  13:20  Zealot x2  
  46  13:26  Probe  
  51  13:38  Probe  
  52  13:50  Probe  
  53  14:03  Probe  
  53  14:05  Nexus  
  49  14:27  Zealot  
  49  14:28  Zealot x2  
  49  14:29  Zealot x2  
  49  14:31  Zealot  
  51  14:40  Pylon  
  49  14:49  Pylon  
  49  14:54  Zealot x2  
  49  14:55  Zealot  
  49  15:18  Zealot x3  
  49  15:19  Zealot x3  
  59  15:43  Zealot x4  
  59  15:44  Zealot  
  59  15:46  Zealot  
  55  16:15  Zealot x3  
  55  16:17  Zealot x2  
  55  16:18  Zealot  
  55  16:41  Nexus  
  55  16:57  Zealot x2  
  55  16:58  Zealot x3  
  65  17:20  Probe  
  66  17:26  Void Ray x3  
  78  17:32  Probe  
  79  17:38  Pylon  
  79  17:40  Pylon  
  79  17:42  Pylon  
  79  17:44  Probe  
  79  17:46  Probe  
  81  17:57  Probe  
  82  17:58  Probe  
  81  18:06  Zealot  
  81  18:07  Zealot x2  
  81  18:08  Zealot x3  
Show
View Real Time Build Order
Export as new Build Order

Tankque Protoss - Winner!

Build Orders:  

Get SALT Encoding   

  12  0:17  Pylon  
  12  0:37  Gateway  
  12  0:49  Pylon  
  12  0:51  Probe  
  13  1:00  Gateway  
  13  1:03  Probe  
  14  1:19  Probe  
  15  1:30  Forge  
  15  1:31  Probe  
  16  1:33  Zealot  
  18  1:53  Zealot  
  20  1:59  Probe  
  20  2:00  Zealot  
  23  2:07  Photon Cannon  
  23  2:20  Zealot  
  23  2:22  Probe  
  26  2:24  Assimilator  
  26  2:28  Zealot  
  28  2:47  Zealot  
  30  3:02  Pylon  
  30  3:20  Zealot x2  
  30  3:22  Nexus  
  34  3:28  Photon Cannon  
  34  3:36  Probe  
  35  3:48  Probe  
  35  3:53  Photon Cannon  
  36  4:00  Probe  
  26  5:55  Zealot  
  28  5:59  Probe  
  29  6:11  Probe  
  30  6:22  Zealot  
  30  6:23  Probe  
  27  6:35  Probe  
  28  6:47  Probe  
  28  6:49  Zealot  
  31  7:00  Zealot  
  33  7:16  Zealot  
  33  7:17  Probe  
  36  7:27  Zealot  
  36  7:29  Probe  
  39  7:42  Probe  
  39  7:44  Zealot  
  38  7:52  Pylon  
  38  7:54  Probe, Zealot  
  41  8:03  Pylon  
  41  8:06  Probe  
  41  8:11  Zealot  
  41  8:12  Photon Cannon  
  44  8:21  Zealot  
  44  8:23  Cybernetics Core  
  46  8:38  Photon Cannon, Zealot  
  48  8:43  Gateway  
  48  8:48  Zealot  
  50  9:15  Protoss Air Armor Level 1  
  42  9:31  Stalker  
  38  10:01  Stalker  
  38  10:04  Probe  
  41  10:17  Assimilator  
  41  10:18  Stalker  
  43  10:30  Zealot  
  43  10:31  Stalker  
  47  10:49  Zealot  
  51  10:57  Zealot  
  51  11:16  Zealot  
  53  11:23  Protoss Air Weapons Level 1  
  53  11:24  Zealot  
  55  11:43  Zealot  
  57  11:51  Zealot  
  59  11:57  Sentry  
  55  12:07  Assimilator  
  55  12:10  Zealot  
  55  12:18  Zealot  
  55  12:23  Sentry  
  57  12:49  Stalker  
  55  13:13  Nexus  
  55  13:19  Stalker  
  57  13:22  Pylon  
  57  13:35  Pylon  
  57  13:45  Nexus  
  57  13:49  Stalker  
  57  13:55  Photon Cannon  
  57  14:19  Stalker  
  55  14:49  Stalker  
  57  14:55  Probe  
  58  15:03  Probe  
  59  15:07  Probe  
  60  15:15  Probe  
  60  15:20  Probe  
  62  15:27  Probe  
  61  15:32  Probe  
  62  15:39  Probe  
  63  15:44  Probe  
  63  15:45  Pylon  
  64  15:51  Probe  
  65  16:24  Probe  
  64  16:36  Probe  
  64  16:39  Stalker  
  65  16:48  Probe  
  65  16:51  Stalker x2  
  70  17:00  Probe  
  71  17:09  Stalker  
  73  17:21  Stalker x2  
  77  17:27  Stargate  
  77  17:30  Stargate  
  77  17:34  Probe  
  78  17:39  Stalker  
  78  17:43  Pylon  
  80  17:46  Probe  
  81  17:58  Probe  
  84  18:08  Photon Cannon  
  86  18:13  Photon Cannon  
Show
View Real Time Build Order
Export as new Build Order

Donvito Terran - Winner!

Build Orders:  

Get SALT Encoding   

  12  0:01  SCV  
  13  0:15  Supply Depot  
  13  0:18  SCV  
  14  0:31  SCV  
  15  0:40  Barracks  
  15  0:43  SCV  
  15  0:48  Refinery  
  16  0:55  SCV  
  17  1:07  SCV  
  17  1:08  Barracks  
  18  1:19  SCV  
  19  1:29  Supply Depot  
  19  1:31  SCV  
  19  1:32  Refinery  
  20  1:33  Marine  
  21  1:43  SCV  
  22  1:51  Marine  
  22  1:52  Engineering Bay  
  23  1:59  Marine  
  24  2:09  Marine  
  25  2:16  Factory  
  25  2:19  Barracks Reactor  
  25  2:28  SCV  
  26  2:39  Marine  
  26  2:40  SCV  
  28  2:52  SCV  
  29  2:58  Barracks Tech Lab  
  29  3:02  Factory Tech Lab  
  29  3:04  SCV  
  30  3:12  Supply Depot  
  30  3:26  Marine  
  31  3:31  Command Center  
  31  3:35  Marauder  
  33  3:42  Marine  
  34  3:52  Siege Tank  
  37  3:56  Marauder  
  39  4:08  Bunker  
  34  5:48  Marine x2  
  36  5:51  Marine  
  36  5:54  SCV  
  38  5:58  Siege Tank  
  41  6:06  Marine x2, SCV  
  41  6:09  Marauder  
  46  6:15  Barracks  
  46  6:18  SCV  
  46  6:23  Marine  
  42  6:30  Marauder, Siege Tank  
  42  6:31  SCV  
  45  6:39  Marine  
  45  6:41  Marine  
  45  6:43  SCV  
  48  6:52  Marauder  
  49  6:57  Marine  
  49  6:59  Marine  
  50  7:13  Marauder  
  50  7:14  Marine  
  53  7:32  Marine  
  53  7:35  Marauder  
  53  7:40  Factory  
  52  7:50  Marine  
  51  7:51  Marine x2  
  53  8:07  Starport  
  53  8:08  Terran Infantry Armor Level 1, Marine  
  54  8:20  Supply Depot  
  54  8:41  Marine x3, Siege Tank  
  54  8:42  Marauder  
  54  8:43  Supply Depot  
  54  8:45  Starport  
  62  8:49  Supply Depot  
  62  9:03  Marine x3  
  62  9:04  Medivac, SCV x2  
  62  9:05  Marauder  
  62  9:06  Supply Depot  
  66  9:13  Siege Tank  
  66  9:16  Factory Tech Lab, SCV x2  
  70  9:21  Marine x2  
  69  9:26  Marauder  
  69  9:29  SCV x2  
  73  9:36  Siege Tank  
  75  9:40  Marine  
  75  9:41  SCV x2  
  78  9:45  Siege Tank  
  78  9:47  Marauder  
  78  9:50  Bunker  
  83  9:53  SCV  
  83  9:58  Marine  
  85  10:02  Terran Infantry Weapons Level 1  
  85  10:09  Marauder  
  86  10:31  Marine  
  86  10:59  Supply Depot  
  86  11:05  Starport Tech Lab  
  86  11:11  Starport Tech Lab  
  86  11:17  Fusion Core  
  86  11:20  Marine, Siege Tank x2  
  86  11:21  Marine  
  86  11:22  Supply Depot  
  86  11:23  Armory  
  94  11:43  Marine  
  94  11:44  Marauder  
  94  11:45  Supply Depot  
  100  12:05  Marauder  
  100  12:08  Supply Depot  
  101  12:10  Armory  
  101  12:15  Battlecruiser  
  101  12:26  Marauder  
  103  12:30  Supply Depot, Marine x2  
  103  12:37  Marine  
  106  12:44  Terran Infantry Weapons Level 2  
  106  12:47  Marine  
  106  12:48  Marine x2, SCV  
  110  12:54  Marine, Refinery  
  111  13:00  SCV  
  114  13:05  Marine  
  114  13:06  Marauder  
  114  13:12  Marine  
  116  13:25  Battlecruiser  
  124  13:27  Marauder  
  124  13:30  Marine  
  125  13:37  Supply Depot  
  125  13:42  SCV  
  125  13:48  Refinery  
  126  13:58  Marauder, SCV  
  126  14:00  Supply Depot  
  129  14:22  Supply Depot  
  123  14:43  Battlecruiser  
  123  14:45  Supply Depot  
  129  15:00  Terran Infantry Armor Level 2  
  124  15:16  Marine  
  125  15:27  Battlecruiser  
  131  15:34  Marine  
  130  15:52  Marine  
  131  16:09  Marine  
  132  16:17  Battlecruiser  
  138  16:27  Marine  
Tags
 
Add a new tag
Caveats
  • Supply blocks, unpowered buildings, or Contaminate may cause inaccurate times.
  • Supply counts are checked every 10 seconds.